MID
SOUTH BEND CUBS @ FORT WAYNE TINCAPS
06/11/2048
 
TOP OF THE 1ST
South Bend Cubs batting - Pitching for Fort Wayne TinCaps : LHP Juan Lopez
Pitching: LHP Juan Lopez
Batting: RHB Puluke Konane 0-0: Ball
1-0: Ball
2-0: Ball
3-0: Ground out 6-3 (Groundball, 56, EV 103.1 MPH)
Batting: RHB Hugo Torrez 0-0: Ball
1-0: Foul Ball, location: 2F
1-1: SINGLE (Groundball, 6MD, EV 108.1 MPH)
Batting: RHB Roy Battist 0-0: Ball
1-0: Swinging Strike
1-1: Ball
2-1: Ball
3-1: Base on Balls
Hugo Torrez to second
Batting: RHB Han-seung Hah 0-0: Called Strike
Hugo Torrez is caught stealing 3rd base 2-5
Roy Battist to second
0-1: Called Strike
0-2: Strikes out looking
Top of the 1st over - 0 runs, 1 hit, 0 errors, 1 left on base; South Bend 0 - Fort Wayne 0
BOTTOM OF THE 1ST
Fort Wayne TinCaps batting - Pitching for South Bend Cubs : LHP Jerry Tyson
Pitching: LHP Jerry Tyson
Batting: SHB Detlef Oursler 0-0: Called Strike
0-1: Ball
1-1: Foul Ball, location: 2F
1-2: Strikes out swinging
Batting: LHB Chad Cutler 0-0: Foul Ball, location: 2F
0-1: Foul Ball, location: 2F
0-2: Foul Ball, location: 2F
0-2: Foul Ball, location: 2F
0-2: Strikes out swinging
Batting: LHB Justin Alworth 0-0: Foul Ball, location: 2F
0-1: Called Strike
0-2: Fly out, F8 (Flyball, 8RD, EV 96.9 MPH)
Bottom of the 1st over - 0 runs, 0 hits, 0 errors, 0 left on base; South Bend 0 - Fort Wayne 0
TOP OF THE 2ND
South Bend Cubs batting - Pitching for Fort Wayne TinCaps : LHP Juan Lopez
Batting: RHB Juan Bonilla 0-0: Swinging Strike
0-1: Ball
1-1: Foul Ball, location: 2F
1-2: Strikes out swinging, 2-3 out at first.
Batting: RHB Dylan Burke 0-0: Ball
1-0: Ball
2-0: Ground out 4-3 (Groundball, 4M, EV 101.9 MPH)
Batting: RHB Denis Rachin 0-0: Ground out 4-3 (Groundball, 4S, EV 84.4 MPH)
Top of the 2nd over - 0 runs, 0 hits, 0 errors, 0 left on base; South Bend 0 - Fort Wayne 0
BOTTOM OF THE 2ND
Fort Wayne TinCaps batting - Pitching for South Bend Cubs : LHP Jerry Tyson
Batting: RHB Dave Cordero 0-0: Called Strike
0-1: Ball
1-1: Fly out, F8 (Flyball, 8LD, EV 95.6 MPH)
Batting: LHB Sean Trueblood 0-0: Ground out 5-3 (Groundball, 5, EV 91.9 MPH)
Batting: RHB Danny Gallegos 0-0: Called Strike
0-1: Ground out 5-3 (Groundball, 56S, EV 88.1 MPH)
Bottom of the 2nd over - 0 runs, 0 hits, 0 errors, 0 left on base; South Bend 0 - Fort Wayne 0
TOP OF THE 3RD
South Bend Cubs batting - Pitching for Fort Wayne TinCaps : LHP Juan Lopez
Batting: LHB Adam Conover 0-0: Called Strike
0-1: Fly out, F8 (Flyball, 78M, EV 83.1 MPH)
Batting: LHB Hiroki Yamamoto 0-0: Called Strike
0-1: Ground out 4-3 (Groundball, 4, EV 78.1 MPH)
Batting: RHB Puluke Konane 0-0: Ball
1-0: Swinging Strike
1-1: Fly out, F8 (Flyball, 8RD, EV 76.2 MPH)
Top of the 3rd over - 0 runs, 0 hits, 0 errors, 0 left on base; South Bend 0 - Fort Wayne 0
BOTTOM OF THE 3RD
Fort Wayne TinCaps batting - Pitching for South Bend Cubs : LHP Jerry Tyson
Batting: LHB Javy Portela 0-0: Ball
1-0: Ball
2-0: Foul Ball, location: 2F
2-1: Ball
3-1: Called Strike
3-2: Ground out 4-3 (Groundball, 4S, EV 68.1 MPH)
Batting: LHB Ryan Anderson 0-0: Foul Ball, location: 2F
0-1: Swinging Strike
0-2: SINGLE (Groundball, 4MD, EV 104.4 MPH)
Batting: RHB Ricky Trejo 0-0: Fielders Choice at 2nd, 4-6 (Groundball, 4S, EV 83.1 MPH)
Batting: SHB Detlef Oursler 0-0: Foul Ball, location: 2F
0-1: Called Strike
0-2: Ball
1-2: Strikes out swinging
Bottom of the 3rd over - 0 runs, 1 hit, 0 errors, 1 left on base; South Bend 0 - Fort Wayne 0
TOP OF THE 4TH
South Bend Cubs batting - Pitching for Fort Wayne TinCaps : LHP Juan Lopez
Batting: RHB Hugo Torrez 0-0: Called Strike
0-1: Ball
1-1: Ground out 5-3 (Groundball, 56, EV 85.6 MPH)
Batting: RHB Roy Battist 0-0: Ball
1-0: Ground out 5-3 (Groundball, 5L, EV 83.1 MPH)
Batting: RHB Han-seung Hah 0-0: Foul Ball, location: 2F
0-1: Ball
1-1: Ball
2-1: Ball
3-1: Fly out, F3 (Popup, 3, EV 69.4 MPH)
Top of the 4th over - 0 runs, 0 hits, 0 errors, 0 left on base; South Bend 0 - Fort Wayne 0
BOTTOM OF THE 4TH
Fort Wayne TinCaps batting - Pitching for South Bend Cubs : LHP Jerry Tyson
Batting: LHB Chad Cutler 0-0: Ball
1-0: Called Strike
1-1: Foul Ball, location: 2F
1-2: Strikes out swinging
Batting: LHB Justin Alworth 0-0: SINGLE (Groundball, 13S, EV 70.6 MPH) (infield hit)
Batting: RHB Dave Cordero 0-0: Called Strike
0-1: Swinging Strike
0-2: Strikes out swinging
Batting: LHB Sean Trueblood 0-0: Ball
1-0: Foul Ball, location: 2F
1-1: Ball
2-1: Ground out 4-3 (Groundball, 4MD, EV 101.2 MPH)
Bottom of the 4th over - 0 runs, 1 hit, 0 errors, 1 left on base; South Bend 0 - Fort Wayne 0
TOP OF THE 5TH
South Bend Cubs batting - Pitching for Fort Wayne TinCaps : LHP Juan Lopez
Batting: RHB Juan Bonilla 0-0: Ball
1-0: Fly out, F7 (Flyball, 7LM, EV 90.6 MPH)
Batting: RHB Dylan Burke 0-0: Called Strike
0-1: Swinging Strike
0-2: Ball
1-2: Strikes out looking
Batting: RHB Denis Rachin 0-0: Called Strike
0-1: Fly out, F8 (Flyball, 8LS, EV 88.8 MPH)
Top of the 5th over - 0 runs, 0 hits, 0 errors, 0 left on base; South Bend 0 - Fort Wayne 0
BOTTOM OF THE 5TH
Fort Wayne TinCaps batting - Pitching for South Bend Cubs : LHP Jerry Tyson
Batting: RHB Danny Gallegos 0-0: Ball
1-0: Foul Ball, location: 2F
1-1: Called Strike
1-2: Foul Ball, location: 2F
1-2: Ground out U3 (Groundball, 3, EV 88.1 MPH)
Batting: LHB Javy Portela 0-0: Called Strike
0-1: SINGLE (Groundball, 25, EV 65.6 MPH) (infield hit)
Batting: LHB Ryan Anderson 0-0: Ball
1-0: Fly out, F9 (Line Drive, 89M, EV 96.9 MPH)
Batting: RHB Ricky Trejo 0-0: SINGLE (Groundball, 6MD, EV 103.8 MPH)
Javy Portela to second
Runner from 2nd tries for 3rd, SAFE, throw by CF made to third
Batting: SHB Detlef Oursler 0-0: Foul Ball, location: 2F
0-1: Called Strike
0-2: SINGLE (Groundball, 56D, EV 108.1 MPH)
Javy Portela scores
Ricky Trejo to second
Batting: LHB Chad Cutler 0-0: Ball
1-0: Called Strike
1-1: 3-RUN HOME RUN (Flyball, 9D, EV 99.4 MPH), Distance : 395 ft
Batting: LHB Justin Alworth 0-0: Ball
1-0: Foul Ball, location: 2F
1-1: Ball
2-1: Ball
3-1: Foul Ball, location: 2F
3-2: Foul Ball, location: 2F
3-2: Foul Ball, location: 2F
3-2: Foul Ball, location: 2F
3-2: SINGLE (Groundball, 56D, EV 103.1 MPH)
Batting: RHB Dave Cordero 0-0: Called Strike
Pickoff Throw to First - Out! 1-3 CS
Bottom of the 5th over - 4 runs, 5 hits, 0 errors, 0 left on base; South Bend 0 - Fort Wayne 4
TOP OF THE 6TH
South Bend Cubs batting - Pitching for Fort Wayne TinCaps : LHP Juan Lopez
Batting: LHB Adam Conover 0-0: Foul Ball, location: 2F
0-1: Swinging Strike
0-2: Ball
1-2: Strikes out swinging
Batting: LHB Hiroki Yamamoto 0-0: Called Strike
0-1: Ball
1-1: Foul Ball, location: 2F
1-2: Strikes out swinging
Batting: RHB Puluke Konane 0-0: Called Strike
0-1: Called Strike
0-2: Ground out 6-3 (Groundball, 6, EV 81.2 MPH)
Top of the 6th over - 0 runs, 0 hits, 0 errors, 0 left on base; South Bend 0 - Fort Wayne 4
BOTTOM OF THE 6TH
Fort Wayne TinCaps batting - Pitching for South Bend Cubs : LHP Jerry Tyson
Pitching: LHP Eddie Panagos
Batting: RHB Dave Cordero 0-0: Ball
1-0: Ball
2-0: Foul Ball, location: 2F
2-1: Swinging Strike
2-2: Strikes out looking
Batting: LHB Sean Trueblood 0-0: Called Strike
0-1: Swinging Strike
0-2: Ball
1-2: Ball
2-2: Strikes out swinging
Batting: RHB Danny Gallegos 0-0: Ground out 3-1 (Groundball, 34S, EV 62.5 MPH)
Bottom of the 6th over - 0 runs, 0 hits, 0 errors, 0 left on base; South Bend 0 - Fort Wayne 4
TOP OF THE 7TH
South Bend Cubs batting - Pitching for Fort Wayne TinCaps : LHP Juan Lopez
Batting: RHB Hugo Torrez 0-0: Swinging Strike
0-1: Ball
1-1: Ball
2-1: Ground out U3 (Groundball, 13, EV 86.2 MPH)
Batting: RHB Roy Battist 0-0: Ball
1-0: Ball
2-0: Ball
3-0: Base on Balls
Batting: RHB Han-seung Hah 0-0: Called Strike
0-1: Foul Ball, location: 2F
0-2: Foul Ball, location: 2F
0-2: Ball
1-2: Strikes out looking
Batting: RHB Juan Bonilla 0-0: Called Strike
0-1: Foul Ball, location: 2F
0-2: Fielders Choice at 2nd, 6-4 (Groundball, 56, EV 84.4 MPH)
Top of the 7th over - 0 runs, 0 hits, 0 errors, 1 left on base; South Bend 0 - Fort Wayne 4
BOTTOM OF THE 7TH
Fort Wayne TinCaps batting - Pitching for South Bend Cubs : LHP Eddie Panagos
Batting: LHB Javy Portela 0-0: Ball
1-0: Foul Ball, location: 2F
1-1: Called Strike
1-2: Ball
2-2: Ball
3-2: DOUBLE (Groundball, 3L, EV 105.0 MPH)
Batting: LHB Ryan Anderson 0-0: Foul Ball, location: 2F
0-1: Swinging Strike
0-2: Strikes out looking
Batting: RHB Ricky Trejo 0-0: Ground out 1-3 (Groundball, 34S, EV 71.9 MPH)
Javy Portela to third
Batting: SHB Detlef Oursler 0-0: Ball
1-0: Called Strike
1-1: Called Strike
1-2: Ball
2-2: Ball
3-2: Base on Balls
Pitching: RHP Velimir Sljivancanin
Batting: LHB Chad Cutler 0-0: Ball
1-0: Ball
2-0: Fly out, F7 (Line Drive, 7, EV 90.0 MPH)
Bottom of the 7th over - 0 runs, 1 hit, 0 errors, 2 left on base; South Bend 0 - Fort Wayne 4
TOP OF THE 8TH
South Bend Cubs batting - Pitching for Fort Wayne TinCaps : LHP Juan Lopez
Batting: RHB Dylan Burke 0-0: Ball
1-0: Foul Ball, location: 2F
1-1: Ground out 5-3 (Groundball, 56, EV 84.4 MPH)
Batting: RHB Denis Rachin 0-0: Ball
1-0: Ball
2-0: Called Strike
2-1: Swinging Strike
2-2: Ball
3-2: Strikes out swinging
Batting: LHB Adam Conover 0-0: Ground out 1-3 (Groundball, 34S, EV 65.6 MPH)
Top of the 8th over - 0 runs, 0 hits, 0 errors, 0 left on base; South Bend 0 - Fort Wayne 4
BOTTOM OF THE 8TH
Fort Wayne TinCaps batting - Pitching for South Bend Cubs : RHP Velimir Sljivancanin
Batting: LHB Justin Alworth 0-0: Ball
1-0: Ball
2-0: Called Strike
2-1: Ball
3-1: Base on Balls
Batting: RHB Dave Cordero 0-0: Called Strike
0-1: Ball
1-1: Ball
2-1: Fly out, F7 (Line Drive, 7S, EV 93.8 MPH)
Batting: LHB Sean Trueblood Pickoff Throw to First - Out! 1-3
0-0: Ball
1-0: Called Strike
1-1: Foul Ball, location: 2F
1-2: Ball
2-2: Ball
3-2: DOUBLE (Line Drive, 7LS, EV 100.0 MPH)
Batting: RHB Danny Gallegos 0-0: Ball
1-0: Ball
2-0: Ball
3-0: Called Strike
3-1: Fly out, F5 (Popup, 5L, EV 58.1 MPH)
Bottom of the 8th over - 0 runs, 1 hit, 0 errors, 1 left on base; South Bend 0 - Fort Wayne 4
TOP OF THE 9TH
South Bend Cubs batting - Pitching for Fort Wayne TinCaps : LHP Juan Lopez
Pitching: RHP Phil Holmes
Batting: LHB Hiroki Yamamoto 0-0: Ball
1-0: Ball
2-0: Called Strike
2-1: Called Strike
2-2: Ball
3-2: SINGLE (Groundball, 56D, EV 96.2 MPH)
Batting: RHB Puluke Konane 0-0: Fielders Choice at 2nd, 5-4 (Groundball, 56, EV 93.8 MPH)
Batting: RHB Hugo Torrez 0-0: DOUBLE (Line Drive, 89D, EV 110.0 MPH)
Puluke Konane to third
Pitching: RHP Jose Ramos
Batting: RHB Roy Battist 0-0: Fly out, F9 (Flyball, 9, EV 86.9 MPH)
Batting: RHB Han-seung Hah 0-0: Ball
1-0: Called Strike
1-1: Swinging Strike
1-2: Strikes out swinging
Top of the 9th over - 0 runs, 2 hits, 0 errors, 2 left on base; South Bend 0 - Fort Wayne 4
Tuesday, March 28th , 2023 - OOTP Baseball 23.10 Build 110